 Dungeon Crawl Stone Soup version 0.31.0-32-g396128a36d (webtiles) character file.

Game seed: 7674370554630219548

798 mparten the Magician (level 8, -2/50 HPs)
             Began as a Djinni Fire Elementalist on Mar 31, 2024.
             Slain by a black bear (3 damage)
             ... on level 5 of the Dungeon.
             The game lasted 00:25:17 (4731 turns).

mparten the Magician (Djinni Fire Elementalist)     Turns: 4731, Time: 00:25:18

Health: -2/50      AC:  4    Str:  7    XL:     8   Next: 13%
Gold:   243        EV: 12    Int: 25    God:
                   SH:  0    Dex: 16

rFire   + + .        k - +1 short sword "Oddur" {flame, Dex+2}
rCold   x . .        (no shield)
rNeg    . . .        t - +1 robe {Will+}
rPois   ∞            (no helmet)
rElec   .            (no cloak)
rCorr   +            c - +0 pair of gloves
SInv    .            (boots unavailable)
Will    +....        (no amulet)
Stlth   +++          g - +6 ring of intelligence
HPRegen 0.28/turn    l - ring of resist corrosion
MPRegen 0.00/turn

%: infuse magic (-3 HP)
@: flying
A: sickness immunity, fire resistance 2, cold vulnerability 1, float, innate
caster, HP casting, extra vitality 1
a: no special abilities


You were on level 5 of the Dungeon.
You visited 1 branch of the dungeon, and saw 5 of its levels.

You collected 243 gold pieces.

Inventory:

Hand Weapons
 k - the +1 short sword "Oddur" (weapon) {flame, Dex+2}
   (You found it on level 2 of the Dungeon)

   Dex+2:     It affects your dexterity (+2).
 m - a +4 sling
Armour
 c - a +0 pair of gloves (worn)
 t - a +1 robe of willpower (worn)
Jewellery
 g - a +6 ring of intelligence (left hand)
 l - a ring of resist corrosion (right hand)
 v - a ring of willpower
Talismans
 d - a flux talisman
 w - a blade talisman
Wands
 r - a wand of flame (18)
Scrolls
 a - 2 scrolls of identify
 b - a scroll of fear {unknown}
 f - a scroll of blinking {unknown}
 o - a scroll of enchant weapon
 p - a scroll of vulnerability {unknown}
 q - a scroll of summoning {unknown}
 u - 3 scrolls of enchant armour
Potions
 e - 5 potions of might
 h - a potion of enlightenment {unknown}
 i - a potion of heal wounds
 j - a potion of cancellation {unknown}
 n - 2 potions of brilliance
 s - 2 potions of resistance


   Skills:
 - Level 2.1 Dodging
 + Level 4.5 Stealth
 * Level 6.3 Spellcasting
 * Level 6.3 Conjurations
 * Level 6.3 Hexes
   Level 0.0 Charms
 * Level 6.3 Summonings
 * Level 6.3 Necromancy
 * Level 6.3 Translocations
   Level 0.0 Transmutations
 * Level 6.3 Fire Magic
 * Level 6.3 Ice Magic
 * Level 6.3 Air Magic
 * Level 6.3 Earth Magic
 * Level 6.3 Alchemy


You knew the following spells:

 Your Spells              Type           Power      Damage    Failure   Level
a - Foxfire               Conj/Fire      100%       2x1d9     1%          1
b - Scorch                Fire           78%        2d8       1%          2
c - Volatile Blastmotes   Fire/Tloc      78%        2d16      1%          3
d - Inner Flame           Hex/Fire       39%        N/A       1%          3
e - Flame Wave            Conj/Fire      39%        2d11      5%          4
f - Sting                 Conj/Alch      100%       1d9       1%          1
g - Ensorcelled Hibernat  Hex/Ice        78%        N/A       1%          2
h - Vampiric Draining     Necr           39%        2d8       1%          3
Your spell library was empty.

Dungeon Overview and Level Annotations

Branches:
Dungeon (5/15)
 Temple: D:4-7

Altars:
Ashenzari

Shops:
D:3 ((!


Innate Abilities, Weirdness & Mutations

You are immune to sickness and miasma.
You are immune to poison.
Your flesh is very heat resistant. (rF++)
You are vulnerable to cold. (rC-)
You float through the air rather than walking.
You learn spells naturally, not from books.
Your magical power is your life essence.
You have superior vitality. (+4 MHP)


Message History

Flames lash the adder.
The adder is burned terribly!
You kill the adder!
* * * LOW HITPOINT WARNING * * *
You take 2 damage, and have 6/50 hp.
You start resting.
A black bear comes into view.
You regained 3 hp, and now have 9/50 hp.
You start resting.
A black bear is nearby!
Casting: Scorch (safe; 1% risk of failure)
Confirm with . or Enter, or press ? or * to list all spells.
You conjure some foxfire!
* * * LOW HITPOINT WARNING * * *
The foxfire hits the black bear.
The black bear is lightly wounded.
You take 1 damage, and have 10/50 hp.
Your foxfire dissipates!
Casting: Foxfire (safe; 1% risk of failure)
Confirm with . or Enter, or press ? or * to list all spells.
You conjure some foxfire!
* * * LOW HITPOINT WARNING * * *
You take 1 damage, and have 10/50 hp.
The foxfire hits the black bear!
The black bear is heavily wounded.
The foxfire hits the black bear!
The black bear is severely wounded.
The black bear goes berserk!
Casting: Foxfire (safe; 1% risk of failure)
Confirm with . or Enter, or press ? or * to list all spells.
You conjure some foxfire!
* * * LOW HITPOINT WARNING * * *
You take 1 damage, and have 10/50 hp.
Your foxfire dissipates!
The foxfire hits the black bear.
The black bear is almost dead.
The black bear attacks as it pursues you!
The black bear bites you!
* * * LOW HITPOINT WARNING * * *
The black bear claws you.
You die...

#......###.#.##.#
#.....##.#.#.##.#
#....##..#.#.##.#
#...##.[.#.#.##.# .
#..##......".##.# #.
#.##..........#.#
######.......###.#.######
.#.. #....................
##._.#######..).@.........
.#...#........##h..#######
.#+####............# #
##......##..## .##
##.........# ...
##...###.## ... ##..# #.#
### ##.# #.# #.# #.#


You could see a black bear (berserk).

Vanquished Creatures
  An ice beast (D:5)
  An ogre (D:4)
  A phantom (D:5)
  A scorpion (D:5)
  A crimson imp (D:5)
  A hound (D:4)
  An orc priest (D:3)
  An iguana (D:5)
  3 orc wizards
  Terence (D:2)
  7 gnolls
  7 adders
  2 white imps (D:5)
  2 ufetubi (D:3)
  3 dart slugs
  4 ribbon worms (D:3)
  16 orcs
  6 ball pythons
  6 endoplasms
  3 giant cockroaches
  7 goblins
  6 hobgoblins
  7 kobolds
  7 quokkas
  6 bats
  2 frilled lizards
  6 rats
  A spectral goblin (D:1)
110 creatures vanquished.

Vanquished Creatures (others)
  132 foxfires
132 creatures vanquished.

Grand Total: 242 creatures vanquished

Notes
Turn   | Place    | Note
-------+----------+-------------------------------------------
     0 | D:1      | mparten the Djinni Fire Elementalist began the quest for
                  | the Orb.
     0 | D:1      | mparten set off with the following spells memorised:
                  | Foxfire, Scorch, Volatile Blastmotes, Inner Flame, Flame
                  | Wave.
     0 | D:1      | Reached XP level 1. HP: 15/15 MP: 0/0
   247 | D:1      | Reached XP level 2. HP: 18/21 MP: 0/0
   337 | D:1      | Found a faded altar of an unknown god.
   874 | D:2      | Noticed Terence
   883 | D:2      | Killed Terence
   884 | D:2      | Reached XP level 3. HP: 17/25 MP: 0/0
   884 | D:2      | Learned a level 1 spell: Sting
  1211 | D:2      | Reached XP level 4. HP: 30/31 MP: 0/0
  1265 | D:2      | Identified the +1 short sword "Oddur" {flame, Dex+2}
  1558 | D:3      | Found Qokhausi's Distillery.
  1782 | D:3      | Noticed a +0 giant spiked club
  1784 | D:3      | Found Maskop's Weapon Shop.
  1792 | D:3      | Reached XP level 5. HP: 30/35 MP: 0/0
  1792 | D:3      | Learned a level 2 spell: Ensorcelled Hibernation
  1793 | D:3      | Noticed a +0 lajatang
  2333 | D:3      | Found Laok's Book Shop.
  2416 | D:3      | Identified the +0 leather armour of the Sun {-Cast +Inv
                  | Will+ Stlth+}
  2511 | D:3      | Found Maede's Antique Weapon Boutique.
  2553 | D:3      | Reached XP level 6. HP: 36/40 MP: 0/0
  3051 | D:3      | Reached skill level 5 in Spellcasting
  3051 | D:3      | Reached skill level 5 in Conjurations
  3051 | D:3      | Reached skill level 5 in Hexes
  3051 | D:3      | Reached skill level 5 in Summonings
  3051 | D:3      | Reached skill level 5 in Necromancy
  3051 | D:3      | Reached skill level 5 in Translocations
  3051 | D:3      | Reached skill level 5 in Fire Magic
  3051 | D:3      | Reached skill level 5 in Ice Magic
  3051 | D:3      | Reached skill level 5 in Air Magic
  3051 | D:3      | Reached skill level 5 in Earth Magic
  3051 | D:3      | Reached skill level 5 in Alchemy
  3478 | D:4      | Noticed an ogre
  3481 | D:4      | Killed an ogre
  3483 | D:4      | Reached XP level 7. HP: 32/45 MP: 0/0
  3483 | D:4      | Learned a level 3 spell: Vampiric Draining
  4163 | D:5      | Entered Level 5 of the Dungeon
  4674 | D:5      | Found a broken altar of Ashenzari.
  4700 | D:5      | Reached XP level 8. HP: 8/50 MP: 0/0
  4731 | D:5      | HP: 1/50 [black bear (9)]
  4731 | D:5      | Slain by a black bear

Illustrated notes

Levels and vault maps discovered:
D:1:      nzn_arrival_settlement, layout_basic,
          dreamdust_ecumenical_altar_drowned_temple
D:2:      layout_loops_cross, uniq_terence
D:3:      kennysheep_six_static_rooms, layout_loops_corners, serial_shops, shop,
          shop, nicolae_shop_mannequins, nicolae_shop_tiny_glass,
          minmay_quantized
D:4:      layout_gridville, glass_columns_b, supply_closet_lemuel,
          minmay_between
D:5:      layout_loops_ring, nicolae_ashenzari_panopticon,
          lemuel_coloured_pillars_altar, minmay_fire_ice_demons

Skill      XL: |  1  2  3  4  5  6  7 |
---------------+----------------------+-----
Stealth        | 2 3 4 |  4.5
Spellcasting   | 4 5 6 |  6.3
Conjurations   | 4 5 6 |  6.3
Hexes          | 4 5 6 |  6.3
Summonings     | 4 5 6 |  6.3
Necromancy     | 4 5 6 |  6.3
Translocations | 4 5 6 |  6.3
Fire Magic     | 4 5 6 |  6.3
Ice Magic      | 4 5 6 |  6.3
Air Magic      | 4 5 6 |  6.3
Earth Magic    | 4 5 6 |  6.3
Alchemy        | 4 5 6 |  6.3
Dodging        | |  2.1

Action                     |  1- 3 |  4- 6 |  7- 9 || total
---------------------------+-------+-------+-------++-------
  Melee: Short sword       |       |     2 |       ||     2
   Cast: Foxfire           |    46 |    27 |    13 ||    86
         Scorch            |     3 |    63 |    48 ||   114
         Sting             |     1 |       |    14 ||    15
    Use: Scroll            |       |       |     8 ||     8
 Armour: Robe              |       |    26 |    14 ||    40
  Dodge: Dodged            |     2 |    32 |    13 ||    47
